 Dungeon Crawl Stone Soup version 0.18-a0-1006-g6b5bfb2 (webtiles) character file.

19 Oddball22 the Caller (level 2, 0/15 HPs)
             Began as a Deep Elf Summoner on Jan 6, 2016.
             Slain by an adder (2 damage)
             ... on level 2 of the Dungeon.
             The game lasted 00:03:50 (1378 turns).

Oddball22 the Caller (Deep Elf Summoner)            Turns: 1378, Time: 00:03:50

Health: 0/15       AC:  2    Str:  5    XL:     2   Next: 55%
Magic:  5/8        EV: 13    Int: 19    God:
Gold:   31         SH:  0    Dex: 15    Spells: 2 memorised, 5 levels left

rFire  . . .     SeeInvis .     (no weapon)
rCold  . . .     Gourm    .     a - +0 robe
rNeg   . . .     Faith    .     (no shield)
rPois  .         Spirit   .     (no helmet)
rElec  .         Dismiss  .     (no cloak)
rCorr  .         Reflect  .     (no gloves)
SustAt .         Harm     .     (no boots)
MR     .....                    (no amulet)
Stlth  ++........               (no ring)
                                (no ring)

@: lethally poisoned (0 -> -3), not resistant to hostile enchantments,
unstealthy
A: no striking features
a: no special abilities


You were on level 2 of the Dungeon.
You were hungry.

You visited 1 branch of the dungeon, and saw 2 of its levels.

You collected 31 gold pieces.

Inventory:

Armour
 a - a +0 robe (worn)
 h - a +0 large shield
Scrolls
 g - 2 scrolls of random uselessness {unknown}
 k - a scroll of identify {unknown}
Potions
 d - a potion of cure mutation {unknown}
 e - a potion of mutation {unknown}
 i - a potion of curing {unknown}
 j - a potion of might {unknown}
Books
 b - a book of Callings

   Spells                             Type                      Level
   a - Summon Small Mammal            Summoning                    1
   b - Call Imp                       Summoning                    2
   c - Call Canine Familiar           Summoning                    3
   d - Summon Guardian Golem          Hexes/Summoning              3
   e - Summon Lightning Spire         Summoning/Air                4
   f - Summon Ice Beast               Ice/Summoning                4
 l - a book of Burglary

   Spells                             Type                      Level
   a - Swiftness                      Charms/Air                   2
   b - Passwall                       Transmutation/Earth          3
   c - Passage of Golubria            Translocation                4
   d - Lee's Rapid Deconstruction     Earth                        5
   e - Darkness                       Hexes                        6
   f - Invisibility                   Hexes                        6
Comestibles
 c - 2 bread rations
 f - 2 chunks of flesh


   Skills:
 + Level 2.6 Dodging
 - Level 2.4 Stealth
 * Level 3.7 Spellcasting
 + Level 4.7 Summonings


You had 5 spell levels left.
You knew the following spells:

 Your Spells              Type           Power        Failure   Level  Hunger
a - Summon Small Mammal   Summ           ###.         1%          1    None
b - Call Imp              Summ           ###.....     3%          2    ##.....


Dungeon Overview and Level Annotations

Branches:
Dungeon (2/15)

Altars:


Message History

The adder is severely wounded.
You are feeling hungry.
Your bat hits the giant cockroach but does no damage.
The adder bites you.
You are poisoned.
The adder poisons you!
Your bat closely misses the giant cockroach.
Your shadow imp barely misses the adder.
The goblin barely misses your shadow imp.
You hit the adder.
The adder is almost dead.
You feel sick.
Your bat closely misses the giant cockroach.
Your bat misses the giant cockroach. The adder bites you.
* * * LOW HITPOINT WARNING * * *
The giant cockroach misses you.
Your shadow imp completely misses the adder.
The goblin barely misses your shadow imp.
The adder bites you.
You die...

######### #.......# .
#.......########## .g
+.......'......... ...
#####.......########## ..
..b.#................
##.#.#.#.#.####.....###...
#...?..#s#.####.....# #...
#.>...g5.@....+.......+...
).......S#.####.....###...
.....#.###.# ##..### ####
....... ..# #.# #..
...###. ### #.. .. .. #..
. #. #.. ## #.. #..


You could see an adder, a giant cockroach, a goblin, a friendly shadow imp and a
friendly bat.

Vanquished Creatures
  A giant gecko (D:1)
  A bat (D:1)
  A hobgoblin (D:1)
  3 rats (D:1)
6 creatures vanquished.

Vanquished Creatures (collateral kills)
  An ooze (D:2)
  A giant gecko (D:1)
  2 bats (D:1)
  A giant cockroach (D:2)
  3 goblins
  3 hobgoblins (D:1)
  A giant newt (D:1)
  4 rats (D:1)
16 creatures vanquished.

Vanquished Creatures (others)
  5 toadstools (D:1)
5 creatures vanquished.

Grand Total: 27 creatures vanquished

Notes
Turn   | Place    | Note
--------------------------------------------------------------
     0 | D:1      | Oddball22 the Deep Elf Summoner began the quest for the Orb.
     0 | D:1      | Reached XP level 1. HP: 10/10 MP: 6/6
   641 | D:1      | Reached XP level 2. HP: 15/15 MP: 8/8
   649 | D:1      | Learned a level 2 spell: Call Imp
  1378 | D:2      | Slain by an adder

Vault maps used:
D:1:      ldierk_walled_garden, minmay_misc_feat_x, roderic_three_in_a_row,
          feat_on_display
D:2:      bloody_trog, nicolae_gozag_seed_capital, first_bread,
          kennysheep_big_empty_room, lemuel_another_geyser

Action                   || total
-------------------------++-------
Melee: Unarmed           ||    32
 Cast: Summon Small Mamm ||    18
       Call Imp          ||     5
  Eat: Chunk             ||     1
